EVO
UNIVERSITY OF MICHIGAN WOLVERINES @ OKLAHOMA STATE UNIVERSITY COWBOYS
11/24/2044
 
TOP OF THE 1ST
Vanderbilt University Commodores batting - Pitching for UCLA Bruins : RHP Mike Staus
Pitching: RHP Mike Staus
Batting: RHB David Price 0-0: Swinging Strike
0-1: Foul Ball, location: 2F
0-2: Foul Ball, location: 2F
0-2: Strikes out swinging
Batting: LHB Tim Mulholland 0-0: Foul Ball, location: 2F
0-1: Foul Ball, location: 2F
0-2: Strikes out swinging
Batting: LHB Mark Thomas 0-0: Ball
1-0: Called Strike
1-1: Ball
2-1: Ball
3-1: Base on Balls
Batting: RHB Terry Sutherland 0-0: Called Strike
0-1: Ball
1-1: Ball
2-1: Ground out 3-1 (Groundball, 34S, EV 78.1 MPH)
Top of the 1st over - 0 runs, 0 hits, 0 errors, 1 left on base; Vanderbilt University 0 - UCLA 0
BOTTOM OF THE 1ST
UCLA Bruins batting - Pitching for Vanderbilt University Commodores : RHP Doug Elliott
Pitching: RHP Doug Elliott
Batting: SHB Chris Keziah 0-0: Foul Ball, location: 2F
0-1: Ball
1-1: SOLO HOME RUN (Line Drive, 89XD, EV 104.4 MPH) (Inside the Park)
Batting: SHB Josh Parker 0-0: Ball
1-0: Ball
2-0: Ball
3-0: Called Strike
3-1: Swinging Strike
3-2: Strikes out swinging
Batting: RHB Josh Mauer 0-0: Ball
1-0: Fly out, F9 (Flyball, 89M, EV 85.6 MPH)
Batting: SHB Jamie Locke 0-0: Ball
1-0: Called Strike
1-1: Ball
2-1: Ball
3-1: Foul Ball, location: 2F
3-2: Foul Ball, location: 2F
3-2: Foul Ball, location: 2F
3-2: Foul Ball, location: 2F
3-2: Base on Balls
Batting: RHB Jake Shelton 0-0: Called Strike
0-1: Ball
Jamie Locke steals 2nd base
1-1: Ball
2-1: Called Strike
2-2: Strikes out looking
Bottom of the 1st over - 1 run, 1 hit, 0 errors, 1 left on base; Vanderbilt University 0 - UCLA 1
TOP OF THE 2ND
Vanderbilt University Commodores batting - Pitching for UCLA Bruins : RHP Mike Staus
Batting: RHB John Iddings 0-0: Called Strike
0-1: Ball
1-1: Called Strike
1-2: Strikes out looking
Batting: RHB Joe Cook 0-0: Called Strike
0-1: Ball
1-1: Swinging Strike
1-2: Strikes out looking
Batting: SHB Tim Hone 0-0: Called Strike
0-1: Called Strike
0-2: Ball
1-2: Strikes out swinging, 2-3 out at first.
Top of the 2nd over - 0 runs, 0 hits, 0 errors, 0 left on base; Vanderbilt University 0 - UCLA 1
BOTTOM OF THE 2ND
UCLA Bruins batting - Pitching for Vanderbilt University Commodores : RHP Doug Elliott
Batting: LHB Jeremy DiGenova 0-0: Ball
1-0: Ball
2-0: Ball
3-0: Called Strike
3-1: Base on Balls
Batting: LHB Shawn Morrison 0-0: Ball
1-0: Called Strike
1-1: Ball
2-1: Foul Ball, location: 2F
2-2: Strikes out swinging
Batting: LHB Jeff Trapp 0-0: Called Strike
0-1: Grounds into double play, 5-4-3 (Groundball, 56, EV 89.4 MPH)
Bottom of the 2nd over - 0 runs, 0 hits, 0 errors, 0 left on base; Vanderbilt University 0 - UCLA 1
TOP OF THE 3RD
Vanderbilt University Commodores batting - Pitching for UCLA Bruins : RHP Mike Staus
Batting: RHB Eric Sandell 0-0: Ball
1-0: Ball
2-0: Foul Ball, location: 2F
2-1: Ball
3-1: Foul Ball, location: 2F
3-2: Strikes out swinging
Batting: LHB Doug Elliott 0-0: DOUBLE (Flyball, 8RD, EV 86.9 MPH)
Batting: RHB David Price 0-0: Ball
1-0: Foul Ball, location: 2F
1-1: Foul Ball, location: 2F
1-2: Ball
2-2: Strikes out swinging
Batting: LHB Tim Mulholland 0-0: Foul Ball, location: 2F
0-1: Called Strike
0-2: Strikes out swinging
Top of the 3rd over - 0 runs, 1 hit, 0 errors, 1 left on base; Vanderbilt University 0 - UCLA 1
BOTTOM OF THE 3RD
UCLA Bruins batting - Pitching for Vanderbilt University Commodores : RHP Doug Elliott
Batting: LHB Mike Staus 0-0: Foul Ball, location: 2F
0-1: Swinging Strike
0-2: Foul Ball, location: 2F
0-2: Ball
1-2: Strikes out swinging
Batting: SHB Chris Keziah 0-0: Foul Ball, location: 2F
0-1: Ball
1-1: Ball
2-1: SINGLE (Groundball, 3S, EV 94.4 MPH) (infield hit)
Batting: SHB Josh Parker 0-0: Called Strike
Chris Keziah steals 2nd base
0-1: Ball
1-1: DOUBLE (Line Drive, 78D, EV 108.8 MPH)
Chris Keziah scores
Batting: RHB Josh Mauer 0-0: Called Strike
0-1: Ball
1-1: Ball
2-1: Ball
3-1: Called Strike
3-2: Strikes out swinging
Batting: SHB Jamie Locke 0-0: Ball
1-0: Ground out 4-3 (Groundball, 4D, EV 87.5 MPH)
Bottom of the 3rd over - 1 run, 2 hits, 0 errors, 1 left on base; Vanderbilt University 0 - UCLA 2
TOP OF THE 4TH
Vanderbilt University Commodores batting - Pitching for UCLA Bruins : RHP Mike Staus
Batting: LHB Mark Thomas 0-0: Ball
1-0: Ground out 6-3 (Groundball, 6, EV 80.6 MPH)
Batting: RHB Terry Sutherland 0-0: Called Strike
0-1: Ball
1-1: Ball
2-1: Foul Ball, location: 2F
2-2: Ball
3-2: Strikes out looking
Batting: RHB John Iddings 0-0: Ground out 4-3 (Groundball, 4M, EV 85.0 MPH)
Top of the 4th over - 0 runs, 0 hits, 0 errors, 0 left on base; Vanderbilt University 0 - UCLA 2
BOTTOM OF THE 4TH
UCLA Bruins batting - Pitching for Vanderbilt University Commodores : RHP Doug Elliott
Batting: RHB Jake Shelton 0-0: Swinging Strike
0-1: Ball
1-1: Foul Ball, location: 2F
1-2: Fly out, F8 (Flyball, 89D, EV 95.0 MPH)
Batting: LHB Jeremy DiGenova 0-0: Ball
1-0: Ball
2-0: Called Strike
2-1: Ball
3-1: Foul Ball, location: 2F
3-2: Foul Ball, location: 2F
3-2: Fly out, F6 (Popup, 15S, EV 91.3 MPH)
Batting: LHB Shawn Morrison 0-0: Swinging Strike
0-1: SINGLE (Groundball, 6D, EV 98.8 MPH)
Batting: LHB Jeff Trapp 0-0: Ball
1-0: Foul Ball, location: 2F
1-1: Foul Ball, location: 2F
1-2: Strikes out looking
Bottom of the 4th over - 0 runs, 1 hit, 0 errors, 1 left on base; Vanderbilt University 0 - UCLA 2
TOP OF THE 5TH
Vanderbilt University Commodores batting - Pitching for UCLA Bruins : RHP Mike Staus
Pitching: RHP Angel Rivas
Batting: RHB Joe Cook 0-0: Foul Ball, location: 2F
0-1: Fly out, F7 (Flyball, 7S, EV 78.8 MPH)
Batting: SHB Tim Hone 0-0: Ball
1-0: Ball
2-0: Ball
3-0: Base on Balls
Batting: RHB Eric Sandell 0-0: Called Strike
0-1: SINGLE (Flyball, 5D, EV 96.3 MPH)
Tim Hone to second
Pinch Hitting: SHB Art Kent 0-0: Ball
1-0: Ball
2-0: Ball
3-0: Base on Balls
Tim Hone to third
Eric Sandell to second
Batting: RHB David Price 0-0: Called Strike
0-1: Called Strike
0-2: Ball
1-2: Fly out, F7 (Flyball, 78M, EV 76.3 MPH)
Runner from 3rd tags up, SCORES, throw by LF
Batting: LHB Tim Mulholland 0-0: Ball
1-0: Ball
2-0: Foul Ball, location: 2F
2-1: Ball
3-1: Fly out, F6 (Line Drive, 6, EV 65.6 MPH)
Top of the 5th over - 1 run, 1 hit, 0 errors, 2 left on base; Vanderbilt University 1 - UCLA 2
BOTTOM OF THE 5TH
UCLA Bruins batting - Pitching for Vanderbilt University Commodores : RHP Doug Elliott
Pitching: RHP Zach Wahlin
Batting: RHB Angel Rivas 0-0: Called Strike
0-1: Swinging Strike
0-2: Ball
1-2: Ball
2-2: Strikes out swinging
Batting: SHB Chris Keziah 0-0: Swinging Strike
0-1: Ball
1-1: SINGLE (Groundball, P, EV 77.5 MPH) (infield hit)
Batting: SHB Josh Parker 0-0: Called Strike
0-1: Ball
1-1: Ball
2-1: Foul Ball, location: 2F
2-2: Ball
3-2: Foul Ball, location: 2F
3-2: Ground out 4-3 (Groundball, 4, EV 91.3 MPH)
Chris Keziah to second
Batting: RHB Josh Mauer 0-0: Swinging Strike
0-1: Ball
1-1: SINGLE (Groundball, 56, EV 106.3 MPH)
Chris Keziah to third
Runner from 3rd tries for Home, SAFE, throw by LF to home
Batting: SHB Jamie Locke 0-0: Called Strike
0-1: Called Strike
0-2: Ball
Josh Mauer is caught stealing 2nd base 2-6
Bottom of the 5th over - 1 run, 2 hits, 0 errors, 0 left on base; Vanderbilt University 1 - UCLA 3
TOP OF THE 6TH
Vanderbilt University Commodores batting - Pitching for UCLA Bruins : RHP Angel Rivas
Batting: LHB Mark Thomas 0-0: Ball
1-0: Ball
2-0: Ball
3-0: Base on Balls
Pitching: LHP Jamie Blake
Batting: RHB Terry Sutherland 0-0: Swinging Strike
0-1: Ball
1-1: Ball
Wild Pitch!
Mark Thomas to second
2-1: Foul Ball, location: 2F
2-2: Foul Ball, location: 2F
2-2: Strikes out swinging
Batting: RHB John Iddings 0-0: Ball
Wild Pitch!
Mark Thomas to third
1-0: Foul Ball, location: 2F
1-1: Swinging Strike
1-2: Ball
2-2: Ball
3-2: Foul Ball, location: 2F
3-2: DOUBLE (Flyball, 78D, EV 93.8 MPH)
Mark Thomas scores
Batting: RHB Joe Cook 0-0: Ball
1-0: Ground out 6-3 (Groundball, 56, EV 106.3 MPH)
Batting: SHB Tim Hone 0-0: Ball
1-0: Reached on error, E5 (Groundball, 56S, EV 66.3 MPH)
John Iddings to third
Batting: RHB Eric Sandell 0-0: Ball
1-0: Foul Ball, location: 2F
1-1: Called Strike
1-2: Foul Ball, location: 2F
1-2: Foul Ball, location: 2F
1-2: Ball
2-2: Strikes out looking
Top of the 6th over - 1 run, 1 hit, 1 error, 2 left on base; Vanderbilt University 2 - UCLA 3
BOTTOM OF THE 6TH
UCLA Bruins batting - Pitching for Vanderbilt University Commodores : RHP Zach Wahlin
Batting: SHB Jamie Locke 0-0: Ball
1-0: Ball
2-0: Called Strike
2-1: Fly out, F8 (Flyball, 8LD, EV 101.3 MPH)
Batting: RHB Jake Shelton 0-0: Ball
1-0: Swinging Strike
1-1: Ball
2-1: SINGLE (Flyball, 89S, EV 90.0 MPH)
Batting: LHB Jeremy DiGenova 0-0: Ball
1-0: Foul Ball, location: 2F
1-1: Foul Ball, location: 2F
1-2: Ground out U3 (Groundball, 3L, EV 103.1 MPH)
Jake Shelton to second
Batting: LHB Shawn Morrison 0-0: Ball
1-0: Ball
2-0: Ball
3-0: Called Strike
3-1: Called Strike
3-2: Base on Balls
Batting: LHB Jeff Trapp 0-0: Fly out, F8 (Flyball, 8RD, EV 77.5 MPH)
Bottom of the 6th over - 0 runs, 1 hit, 0 errors, 2 left on base; Vanderbilt University 2 - UCLA 3
TOP OF THE 7TH
Vanderbilt University Commodores batting - Pitching for UCLA Bruins : LHP Jamie Blake
Pinch Hitting: SHB Bryan Johnston 0-0: Ball
1-0: Ball
2-0: Ball
3-0: Base on Balls
Batting: RHB David Price 0-0: Ball
1-0: Fly out, F8 (Flyball, 8LS, EV 93.1 MPH)
Batting: LHB Tim Mulholland 0-0: Called Strike
0-1: Ball
1-1: Foul Ball, location: 2F
1-2: Ball
2-2: Foul Ball, location: 2F
2-2: SINGLE (Line Drive, 9LS, EV 105.6 MPH)
Bryan Johnston to second
Pitching: LHP Rich Blank
Batting: LHB Mark Thomas 0-0: Swinging Strike
0-1: Ball
1-1: Ball
2-1: Foul Ball, location: 2F
2-2: Strikes out swinging
Pinch Hitting: RHB Manny Vizzerra 0-0: Ball
1-0: Ball
2-0: Called Strike
2-1: Ball
3-1: Called Strike
3-2: Foul Ball, location: 2F
3-2: 3-RUN HOME RUN (Flyball, 7LD, EV 104.4 MPH), Distance : 369 ft
Batting: RHB John Iddings 0-0: Hit by Pitch
Batting: RHB Joe Cook 0-0: Called Strike
0-1: Ball
1-1: Foul Ball, location: 2F
1-2: DOUBLE (Flyball, 89XD, EV 95.6 MPH)
John Iddings to third
Batting: SHB Tim Hone 0-0: Foul Ball, location: 2F
0-1: SINGLE (Line Drive, 89S, EV 103.1 MPH)
John Iddings scores
Joe Cook to third
Runner from 3rd tries for Home, SAFE, throw by RF to home
Pitching: RHP Elijah Seabrooks
Batting: RHB Eric Sandell 0-0: Ball
1-0: Foul Ball, location: 2F
1-1: Foul Ball, location: 2F
1-2: Ball
2-2: Ball
3-2: Strikes out swinging
Top of the 7th over - 5 runs, 4 hits, 0 errors, 1 left on base; Vanderbilt University 7 - UCLA 3
BOTTOM OF THE 7TH
UCLA Bruins batting - Pitching for Vanderbilt University Commodores : RHP Zach Wahlin
Pitching: RHP Chris Thorson
Now at 1B: Manny Vizzerra
Pinch Hitting: SHB Ivan Barry 0-0: Ground out 6-3 (Groundball, 56, EV 108.8 MPH)
Batting: SHB Chris Keziah 0-0: Ball
1-0: Ball
2-0: Ball
3-0: Base on Balls
Batting: SHB Josh Parker 0-0: Called Strike
0-1: Ball
1-1: Ball
2-1: Foul Ball, location: 2F
2-2: Foul Ball, location: 2F
2-2: Ball
3-2: SINGLE (Groundball, 4D, EV 103.1 MPH)
Chris Keziah to second
Batting: RHB Josh Mauer 0-0: Ball
1-0: Ball
2-0: Called Strike
2-1: Ball
3-1: Foul Ball, location: 2F
3-2: Base on Balls
Chris Keziah to third
Josh Parker to second
Batting: SHB Jamie Locke 0-0: Grounds into double play, 6-4-3 (Groundball, 6S, EV 81.9 MPH)
Bottom of the 7th over - 0 runs, 1 hit, 0 errors, 2 left on base; Vanderbilt University 7 - UCLA 3
TOP OF THE 8TH
Vanderbilt University Commodores batting - Pitching for UCLA Bruins : RHP Elijah Seabrooks
Pitching: LHP Neil Palazzo
Pinch Hitting: RHB Juan Tovar 0-0: Ball
1-0: Foul Ball, location: 2F
1-1: Called Strike
1-2: Ground out 6-3 (Groundball, 6, EV 87.5 MPH)
Batting: RHB David Price 0-0: Ground out 4-3 (Groundball, 34, EV 101.3 MPH)
Batting: LHB Tim Mulholland 0-0: Ball
1-0: Swinging Strike
1-1: Called Strike
1-2: Ball
2-2: Ball
3-2: Foul Ball, location: 2F
3-2: Foul Ball, location: 2F
3-2: Fly out, F1 (Line Drive, P, EV 68.1 MPH)
Top of the 8th over - 0 runs, 0 hits, 0 errors, 0 left on base; Vanderbilt University 7 - UCLA 3
BOTTOM OF THE 8TH
UCLA Bruins batting - Pitching for Vanderbilt University Commodores : RHP Chris Thorson
Pitching: RHP Chase Morales
Batting: RHB Jake Shelton 0-0: Foul Ball, location: 2F
0-1: Ball
1-1: Foul Ball, location: 2F
1-2: Strikes out looking
Batting: LHB Jeremy DiGenova 0-0: Ball
1-0: Ball
2-0: Called Strike
2-1: Ball
3-1: Base on Balls
Pinch Hitting: LHB Josh Slusarczyk 0-0: Called Strike
0-1: Ball
1-1: Ball
2-1: Fly out, F8 (Flyball, 8LS, EV 85.0 MPH)
Batting: LHB Jeff Trapp 0-0: Ball
1-0: Foul Ball, location: 2F
1-1: Fly out, F8 (Flyball, 8RM, EV 85.6 MPH)
Bottom of the 8th over - 0 runs, 0 hits, 0 errors, 1 left on base; Vanderbilt University 7 - UCLA 3
TOP OF THE 9TH
Vanderbilt University Commodores batting - Pitching for UCLA Bruins : LHP Neil Palazzo
Pitching: RHP Ben Boff
Now at 3B: Josh Slusarczyk
Batting: LHB Mark Thomas 0-0: Swinging Strike
0-1: Foul Ball, location: 2F
0-2: Ball
1-2: Ball
2-2: Ground out 5-3 (Groundball, 5, EV 109.4 MPH)
Batting: RHB Manny Vizzerra 0-0: Called Strike
0-1: Ball
1-1: Foul Ball, location: 2F
1-2: Ball
2-2: Ball
3-2: SOLO HOME RUN (Flyball, 7D, EV 96.3 MPH), Distance : 430 ft
Batting: RHB John Iddings 0-0: Ball
1-0: Ball
2-0: Ball
3-0: Called Strike
3-1: Called Strike
3-2: Ground out U3 (Groundball, 34S, EV 88.8 MPH)
Batting: RHB Joe Cook 0-0: Ball
1-0: Foul Ball, location: 2F
1-1: Ball
2-1: Called Strike
2-2: Foul Ball, location: 2F
2-2: Foul Ball, location: 2F
2-2: Foul Ball, location: 2F
2-2: SINGLE (Groundball, 6MD, EV 99.4 MPH)
Batting: SHB Tim Hone 0-0: Called Strike
0-1: Foul Ball, location: 2F
0-2: Ball
1-2: Ground out 6-3 (Groundball, 6S, EV 66.9 MPH)
Top of the 9th over - 1 run, 2 hits, 0 errors, 1 left on base; Vanderbilt University 8 - UCLA 3
BOTTOM OF THE 9TH
UCLA Bruins batting - Pitching for Vanderbilt University Commodores : RHP Chase Morales
Pinch Hitting: RHB Zach Koblinski 0-0: Ball
1-0: Swinging Strike
1-1: Foul Ball, location: 2F
1-2: Foul Ball, location: 2F
1-2: Ball
2-2: Ball
3-2: Foul Ball, location: 2F
3-2: Fly out, F8 (Flyball, 8LS, EV 89.4 MPH)
Batting: SHB Chris Keziah 0-0: Called Strike
0-1: Ball
1-1: Swinging Strike
1-2: Ball
2-2: Strikes out swinging
Batting: SHB Josh Parker 0-0: Ball
1-0: Reached on error, E4 (Groundball, 4, EV 86.3 MPH)
Batting: RHB Josh Mauer 0-0: Ball
1-0: Called Strike
1-1: Fielders Choice at 2nd, U6 (Groundball, 6M, EV 105.0 MPH)
Bottom of the 9th over - 0 runs, 0 hits, 1 error, 1 left on base; Vanderbilt University 8 - UCLA 3
Thursday, March 31st , 2022 - OOTP Baseball 22.12 Build 89